 Dungeon Crawl Stone Soup version 0.31-a0-532-g28f74ba3e5 (webtiles) character file.

Game seed: 9973687913982865064

14224 RepHenryClay the Bludgeoner (level 11, -12/87 HPs)
             Began as an Armataur Fighter on Aug 12, 2023.
             Was a Priest of Okawaru.
             Mangled by a white ugly thing (19 damage)
             ... on level 8 of the Dungeon.
             The game lasted 00:14:16 (8057 turns).

RepHenryClay the Bludgeoner (Armataur Fighter)      Turns: 8057, Time: 00:14:16

Health: -12/87     AC: 30    Str: 27    XL:     11   Next: 85%
Magic:  12/14      EV:  4    Int:  7    God:    Okawaru [***...]
Gold:   375        SH: 10    Dex: 10    Spells: 10/10 levels left

rFire   + + .        i - +5 morningstar of the Vanishing Brambles {protect, Fly rF++ rN+ Dex-2}
rCold   . . .        c - +0 buckler
rNeg    + . .        e - +0 plate armour
rPois   .            (no helmet)
rElec   .            A - +0 cloak
rCorr   .            r - +1 pair of gloves
SInv    .            E - +0 barding
Will    .....        m - amulet of reflection Stlth
                     (no ring)
HPRegen 0.34/turn    (no ring)
MPRegen 0.14/turn

%: reflection, roll
@: heroic, under a protective aura, flying, hasted, unable to read, very quick
A: large, rugged brown scales 3, deformed body, armoured tail, roll, long
tongue, awkward tongue, iridescent scales 1, strong 1, inability to read after
injury 1
a: Renounce Religion, Heroism


You were on level 8 of the Dungeon.
You worshipped Okawaru.
Okawaru was most pleased with you.
You visited 2 branches of the dungeon, and saw 9 of its levels.
You also visited: Sewer and Bailey.

You collected 375 gold pieces.

Inventory:

Hand Weapons
 a - a +0 flail
 i - the +5 morningstar of the Vanishing Brambles (weapon) {protect, Fly rF++ rN+ Dex-2}
   (You found it on level 4 of the Dungeon)

   Dex-2:     It affects your dexterity (-2).
   rF++:      It greatly protects you from fire.
   rN+:       It protects you from negative energy.
   Fly:       It grants you flight.
 j - the +2 flail of Shame {antimagic, Str+2 SInv Stlth+}
   (You found it on level 3 of the Dungeon)

   Str+2:     It affects your strength (+2).
   SInv:      It lets you see invisible.
   Stlth+:    It makes you more stealthy.
Missiles
 v - a curare-tipped dart
 w - 20 poisoned darts
Armour
 c - a +0 buckler (worn)
 e - a +0 plate armour (worn)
 l - the +2 scale mail of Relativism {rN+ Regen+}
   (You found it on level 4 of the Dungeon)

   rN+:       It protects you from negative energy.
   Regen+:    It increases your rate of health regeneration.
 r - a +1 pair of gloves (worn)
 A - a +0 cloak (worn)
 E - a +0 barding (worn)
Jewellery
 m - an amulet of reflection (around neck)
 u - a ring of see invisible
 x - a ring of wizardry
Scrolls
 f - 2 scrolls of summoning
 g - 3 scrolls of amnesia
 h - 5 scrolls of fog
 k - 4 scrolls of teleportation
 q - a scroll of poison
 s - 2 scrolls of vulnerability
 y - a scroll of blinking
 B - 2 scrolls of fear
 C - a scroll of enchant armour
 D - a scroll of identify {@r1}
Potions
 b - 3 potions of lignification
 d - a potion of invisibility
 n - 2 potions of haste
 o - a potion of magic
 p - 2 potions of attraction
 t - 4 potions of cancellation
 z - 7 potions of mutation


   Skills:
 + Level 3.0(8.0) Fighting
 - Level 16.4(21.4) Maces & Flails
 + Level 4.1(9.1) Armour
 - Level 3.5(8.5) Shields
 - Level 5.0 Invocations


You had 10 spell levels left.
You didn't know any spells.
Your spell library contained the following spells:

 Spells                   Type           Power      Damage    Failure   Level
 Necrotise                Necr           0%         1d4       99%         1
 Sublimation of Blood     Necr           0%         N/A       100%        2
 Vampiric Draining        Necr           0%         2d6       100%        3
 Volatile Blastmotes      Fire/Tloc      0%         2d10      100%        3
 Fulminant Prism          Conj/Hex       0%         3d5       100%        4
 Iskenderun's Mystic Bla  Conj/Tloc      0%         2d3       100%        4
 Petrify                  Tmut/Erth      0%         N/A       100%        4
 Agony                    Necr           0%         N/A       100%        5
 Irradiate                Conj/Tmut      0%         3d11      100%        5


Dungeon Overview and Level Annotations

Branches:
Dungeon (8/15)             Temple (1/1) D:4           Sewer (visited)
 Bailey (visited)
   Lair: D:8-11

Altars:
Ashenzari
Cheibriados
Dithmenos
Elyvilon
Fedhas
Gozag
Hepliaklqana
Makhleb
Nemelex Xobeh
Okawaru
Qazlal
Ru
Sif Muna
Trog
Uskayaw
Vehumet
Wu Jian
Xom
Yredelemnul
Zin
The Shining One

Shops:
D:4 (


Innate Abilities, Weirdness & Mutations

You are completely covered in rugged brown scales. (AC +3, +7% HP)
Armour fits poorly on your strangely shaped body.
You have a long armoured tail.
You roll when moving toward enemies. (Rampage)
Your long tongue fully drains potion bottles. (2x potion effects)
Your tongue gives you trouble enunciating. (1.5x scroll delay)
You are partially covered in iridescent scales. (AC +2)
Your muscles are strong. (Str +4, Int/Dex -1)
You occasionally lose the ability to read scrolls when taking damage.


Message History

The white ugly thing kicks you but does no damage.
You closely miss the white ugly thing.
The white ugly thing is moderately wounded.
You block the white ugly thing's attack.
You closely miss the white ugly thing.
The white ugly thing is moderately wounded.
You sock the white ugly thing!
Your tail-slap misses the white ugly thing.
The white ugly thing is heavily wounded.
The white ugly thing kicks you. The white ugly thing freezes you!
Damage: -17%(-15hp) hp: 83%(72hp)
You hit the white ugly thing.
The white ugly thing is heavily wounded.
The white ugly thing kicks you. The white ugly thing freezes you!!
You are too injured to fight recklessly!
Huge Dmg: -34%(-30hp) hp: 49%(42hp)
You completely miss the white ugly thing.
You tail-slap the white ugly thing, but do no damage.
The white ugly thing is heavily wounded.
You gain the combat prowess of a mighty hero.
The white ugly thing kicks you but does no damage.
You closely miss the white ugly thing.
The white ugly thing is heavily wounded.
The white ugly thing kicks you! The white ugly thing freezes you!!
You feel threatened and lose the ability to read scrolls!
* * * LOW HITPOINT WARNING * * *
Huge Dmg: -39%(-34hp) hp: 10%(8hp)
Okay, then.
You cannot read scrolls in your current state!
Unknown command.
Unknown command.
Okay, then.
Unknown command.
Unknown command.
You feel yourself speed up.
You slurp down every last drop of the potion of haste!
The white ugly thing kicks you.
* * * LOW HITPOINT WARNING * * *
The white ugly thing freezes you!!
You die...

#......#######
######...........
#....#...........
#....'...........
#...†#...........
#....#........... #+###
#'####...........
......###..#........#####
.>....u@...#........#
......#....#........+
......#....#........#
......#+##+#........#
###...........######..
#...........# ..
#...........#
+...........#
#...........#


You could see a white ugly thing.

Vanquished Creatures
  An orc knight (Bailey)
  A wyvern (D:4)
  Menkaure (D:7)
  3 water moccasins
  A sky beast (D:7)
  2 black bears
  The ghost of justen the Trooper, an amateur MiFi (D:3)
  An ogre (D:5)
  A phantom (D:5)
  4 kobold brigands (Sewer)
  A gnoll sergeant (D:7)
  4 bullfrogs
  2 scorpions (D:5)
  6 killer bees
  7 wights
  A howler monkey (D:5)
  3 jellies
  2 orc priests
  3 hounds
  A gnoll bouda (D:3)
  An iguana (D:7)
  3 orc wizards (D:6)
  19 gnolls
  7 adders
  8 river rats
  3 ufetubi
  4 worms
  4 dart slugs
  28 orcs
  4 endoplasms
  6 giant cockroaches
  6 goblins
  8 hobgoblins
  8 jackals
  5 quokkas
  6 ball pythons
  3 bats (D:2)
  7 frilled lizards
  7 kobolds
  16 rats
199 creatures vanquished.

Notes
Turn   | Place    | Note
-------+----------+-------------------------------------------
     0 | D:1      | RepHenryClay the Armataur Fighter began the quest for the
                  | Orb.
     0 | D:1      | Reached XP level 1. HP: 19/19 MP: 1/1
   321 | D:1      | Reached skill level 2 in Maces & Flails
   327 | D:1      | Reached XP level 2. HP: 26/26 MP: 2/2
  1016 | D:2      | Reached XP level 3. HP: 27/32 MP: 3/3
  1018 | D:2      | Reached skill level 3 in Maces & Flails
  1147 | D:2      | Identified the +0 dagger "Beastbane" {venom, Fragile Will+
                  | Int+4}
  1634 | D:3      | Found a runed translucent door.
  1637 | D:3      | Noticed justen's ghost (amateur MiFi)
  1648 | D:3      | Reached XP level 4. HP: 36/39 MP: 4/4
  2113 | D:4      | Found Keruolikh's Antique Weapon Shoppe.
  2130 | D:3      | Reached skill level 4 in Maces & Flails
  2310 | D:4      | Reached XP level 5. HP: 47/47 MP: 5/5
  2510 | D:4      | Noticed a wyvern
  2515 | D:4      | Killed a wyvern
  2516 | D:4      | Reached skill level 5 in Maces & Flails
  2516 | D:4      | Reached XP level 6. HP: 35/53 MP: 6/6
  2609 | D:4      | Found a staircase to the Ecumenical Temple.
  2618 | Temple   | Entered the Ecumenical Temple
  2624 | Temple   | Became a worshipper of Warmaster Okawaru
  2645 | D:4      | Identified the +5 morningstar of the Vanishing Brambles
                  | {protect, Fly rF++ rN+ Dex-2}
  2654 | D:4      | Identified the +5 rapier of Exoneration {flame, rN+ Str+3}
  2657 | D:4      | Identified the +2 scale mail of Relativism {rN+ Regen+}
  2865 | D:4      | Reached skill level 1 in Invocations
  3458 | D:5      | Entered Level 5 of the Dungeon
  3554 | D:5      | Reached XP level 7. HP: 25/59 MP: 9/9
  3686 | D:5      | Found a glowing drain.
  3693 | Sewer    | Entered a sewer
  3830 | Sewer    | Reached * piety under Okawaru
  3883 | Sewer    | Reached skill level 5 in Invocations
  3883 | Sewer    | Reached skill level 6 in Maces & Flails
  4832 | D:5      | Reached skill level 7 in Maces & Flails
  4832 | D:5      | Reached XP level 8. HP: 27/66 MP: 11/11
  5338 | D:5      | Reached skill level 8 in Maces & Flails
  5444 | D:5      | Found an ornate altar of the Wu Jian Council.
  5509 | D:3      | Killed justen's ghost
  5512 | D:3      | Identified the +2 flail of Shame {antimagic, Str+2 SInv
                  | Stlth+}
  5607 | D:6      | Reached ** piety under Okawaru
  5625 | D:6      | Reached skill level 9 in Maces & Flails
  5709 | D:6      | Found a shimmering altar of Xom.
  5755 | D:6      | Found a stormy altar of Qazlal.
  6541 | D:7      | Reached XP level 9. HP: 67/72 MP: 12/12
  6544 | D:7      | Noticed Menkaure
  6546 | D:7      | Found a flagged portal.
  6550 | D:7      | Killed Menkaure
  6554 | D:7      | Reached skill level 10 in Maces & Flails
  6574 | Bailey   | Entered a bailey
  6975 | Bailey   | Noticed an orc knight
  6991 | Bailey   | Killed an orc knight
  6991 | Bailey   | Reached *** piety under Okawaru
  7237 | D:7      | Reached skill level 11 in Maces & Flails
  7481 | D:7      | Identified the +2 long sword of Kotoif {antimagic, Str+2}
  7540 | D:7      | Gained mutation: Your muscles are strong. (Str +4, Int/Dex
                  | -1) [potion of mutation]
  7540 | D:7      | Gained mutation: You occasionally lose the ability to read
                  | scrolls when taking damage. [potion of mutation]
  7540 | D:7      | Gained mutation: You are partially covered in iridescent
                  | scales. (AC +2) [potion of mutation]
  7558 | D:7      | Reached skill level 12 in Maces & Flails
  7638 | D:7      | Reached skill level 16 in Maces & Flails
  7638 | D:7      | Reached XP level 10. HP: 80/80 MP: 13/13
  7638 | D:7      | Reached XP level 11. HP: 86/86 MP: 14/14
  7851 | D:7      | Reached **** piety under Okawaru
  8047 | D:8      | Noticed a white ugly thing
  8057 | D:8      | Mangled by a white ugly thing

Illustrated notes

Levels and vault maps discovered:
D:1:      dpeg_arrival_radiant, layout_loops_cross
D:2:      layout_loops_ring, minmay_octomino_j4
D:3:      layout_basic, ebering_ghost_inner_flame
D:4:      layout_cave_pods, minmay_temple_entry_drinking_statues, serial_shops,
          nicolae_stop_n_shop_1, nicolae_concentric_dashed_squares_mild
D:5:      layout_gridville, pdpol_wu_jian_five_deadly_venoms,
          lightli_sewer_entry_pipes
D:6:      layout_loops_corners, mainiacjoe_overflow_catch_the_wave,
          kennysheep_path_1
D:7:      layout_rooms, enter_bailey_4, serial_park_tiny_pond, uniq_menkaure
D:8:      layout_gridville, mainiacjoe_overflow_chevrons,
          corexii_leaking_fountain
Temple:   eino_narrow_crystal_temple

Skill      XL: |  1  2  3  4  5  6  7  8  9 10 11 |
---------------+----------------------------------+-----
Maces & Flails | 2 3 4 5 7 9 16 | 16.4
Invocations    | 3 5 |  5.0
Fighting       | 3 |  3.0
Armour         | 4 |  4.1
Shields        | |  3.5

Action                     |  1- 3 |  4- 6 |  7- 9 | 10-12 || total
---------------------------+-------+-------+-------+-------++-------
  Melee: Flail             |   106 |    71 |       |       ||   177
         Tailslap          |     8 |     6 |    27 |     5 ||    46
         Morningstar       |       |    39 |   311 |    28 ||   378
 Invoke: Heroism           |       |       |     1 |     1 ||     2
  Evoke: Wand              |       |       |     1 |       ||     1
    Use: Potion            |       |     8 |     8 |     1 ||    17
         Scroll            |       |       |    14 |       ||    14
 Armour: Scale mail        |     5 |       |       |       ||     5
         Plate armour      |    62 |    86 |   162 |     8 ||   318
         Skin              |       |     3 |       |       ||     3
  Dodge: Dodged            |    15 |    19 |    44 |     1 ||    79
  Block: Buckler           |    18 |    37 |   148 |     7 ||   210

Table legend: (Time is in decaauts)
 A = Elapsed time spent in this place.
 B = Non-inter-level travel time spent in this place.
 C = Inter-level travel time spent in this place.
 D = Time resting spent in this place.
 E = Time spent auto-exploring this place.
 F = Levels seen in this place.
 G = Mean time per level.
                   A        B        C        D        E       F      G
               +--------+--------+--------+--------+--------+-----+--------+
         Total |   8121 |   7750 |    371 |    560 |   5836 |  11 |  738.3 |
       Dungeon |   6798 |   6432 |    366 |    423 |   4913 |   8 |  849.8 |
        Temple |     12 |      7 |      5 |      0 |      0 |   1 |   12.0 |
         Sewer |    673 |    673 |      0 |      5 |    512 |   1 |  673.0 |
        Bailey |    636 |    636 |      0 |    132 |    411 |   1 |  636.0 |
               +--------+--------+--------+--------+--------+-----+--------+

Top non-repeatable levels by time:
     D:5: 1397 daAuts
     D:4: 1078 daAuts
     D:6: 1028 daAuts
     D:3: 1002 daAuts
     D:1: 811 daAuts
     D:2: 713 daAuts
     D:7: 681 daAuts
   Sewer: 673 daAuts
  Bailey: 636 daAuts
     D:8: 85 daAuts
  Temple: 12 daAuts
